 Dungeon Crawl Stone Soup version 0.15-a0-155-g2613b33 (webtiles) character file.

369 PolkaDot the Cutter (level 5, 0/42 HPs)
             Began as a Vampire Fighter on Apr 16, 2014.
             Was an Initiate of Makhleb.
             Slain by a sky beast (5 damage)
             ... on Level 4 of the Dungeon.
             The game lasted 00:16:21 (2801 turns).

PolkaDot the Cutter (Vampire Fighter)               Turns: 2801, Time: 00:16:21

HP   0/42        AC  3     Str 15      XL: 5   Next: 84%
MP   5/5         EV  8     Int 10      God: Makhleb [......]
Gold 123         SH 17     Dex 14      Spells:  0 memorised,  4 levels left

rFire  . . .     SeeInvis +     a - +3,+0 cutlass
rCold  . . .     Clarity  .     k - +0 leather armour
rNeg   + . .     Conserve .     c - +0 shield
rPois  .         rCorr    .     (no helmet)
rElec  .         rRot     .     (no cloak)
SustAb . .       Spirit   .     (no gloves)
rMut   .         Warding  +     (no boots)
Saprov . . .     Stasis   .     b - amulet of warding
MR     .....                    (no ring)
                                (no ring)

@: regenerating quickly, not resistant to hostile enchantments, unstealthy
A: fangs 3, see invisible, unbreathing
a: Renounce Religion


You were on level 4 of the Dungeon.
You worshipped Makhleb.
Makhleb was noncommittal.
You were very full.

You visited 1 branch of the dungeon, and saw 4 of its levels.

You collected 123 gold pieces.

Inventory:

Hand weapons
 a - a +3,+0 cutlass (weapon)
Armour
 c - a +0 shield (worn)
 k - a +0 leather armour (worn)
Magical devices
 q - a wand of fire (8)
Scrolls
 d - a scroll of magic mapping
 f - 2 scrolls of teleportation
 i - 4 scrolls of remove curse
 l - 3 scrolls of blinking
 m - a scroll of immolation {unknown}
 o - a scroll of recharging {unknown}
 p - 3 scrolls of fog {unknown}
Jewellery
 b - an amulet of warding (around neck)
Potions
 e - 3 potions of might
 j - 5 potions of curing
 n - a potion of poison {!q}
 r - a potion of paralysis {!q}


   Skills:
 + Level 4.1 Fighting
 * Level 5.5 Short Blades
 - Level 2.4 Armour
 - Level 2.6 Shields


You had 4 spell levels left.
You didn't know any spells.

Dungeon Overview and Level Annotations

Branches:
Dungeon (4/15)
 Temple: D:4-7

Altars:
Makhleb
Okawaru
The Shining One


Innate Abilities, Weirdness & Mutations

Your natural rate of healing is unusually fast.
You have razor-sharp teeth.*
You have supernaturally acute eyesight.
You can survive without breathing.*


Message History

The sky beast closely misses you.
You hit the sky beast but do no damage.
The sky beast is severely wounded.
The sky beast hits you. The sky beast shocks you!
You hit the sky beast but do no damage.
The sky beast is severely wounded.
The sky beast hits you. The sky beast shocks you.
* * * LOW HITPOINT WARNING * * *
You hit the sky beast.
The sky beast is severely wounded.
You block the sky beast's attack.
You miss the sky beast. You bite the sky beast.
The sky beast is almost dead.
You block the sky beast's attack.
You barely miss the sky beast.
The sky beast is almost dead.
The sky beast hits you.
* * * LOW HITPOINT WARNING * * *
The sky beast shocks you.
You die...

. .# >. .#
.# .# .#
######.#
#..@I..#
#.####.#
#.# ...
#.# .....
#.#
......#
#.# .#.##.
#.#.......
#.#..#.#%#
#.#..#.#.#


You could see a sky beast (invisible).

Vanquished Creatures
  Sigmund (D:3)
  2 gnolls (D:2)
  8 adders
  A giant gecko (D:2)
  2 orcs (D:2)
  A ball python (D:2)
  4 bats
  5 giant cockroaches
  8 goblins
  10 hobgoblins
  5 jackals
  11 kobolds
  3 giant newts (D:1)
  2 quokkas (D:3)
  7 rats
70 creatures vanquished.

Notes
Turn   | Place    | Note
--------------------------------------------------------------
     0 | D:1      | PolkaDot, the Vampire Fighter, began the quest for the Orb.
     0 | D:1      | Reached XP level 1. HP: 17/17 MP: 1/1
   241 | D:1      | Reached XP level 2. HP: 23/23 MP: 2/2
   601 | D:1      | Reached skill level 3 in Fighting
  1242 | D:2      | Reached XP level 3. HP: 29/29 MP: 3/3
  1468 | D:2      | Found an iron altar of Okawaru.
  1601 | D:2      | Reached XP level 4. HP: 21/35 MP: 4/4
  1666 | D:2      | Reached skill level 4 in Short Blades
  2242 | D:3      | Found a burning altar of Makhleb.
  2243 | D:3      | Noticed Sigmund
  2275 | D:3      | Killed Sigmund
  2275 | D:3      | Reached skill level 5 in Short Blades
  2275 | D:3      | Reached XP level 5. HP: 30/42 MP: 5/5
  2291 | D:3      | Found a glowing golden altar of the Shining One.
  2325 | D:3      | Became a worshipper of Makhleb the Destroyer
  2778 | D:4      | Noticed a sky beast
  2801 | D:4      | Slain by a sky beast

Action                   |  1- 3 |  4- 6 || total
-------------------------+-------+-------++-------
Melee: Cutlass           |   131 |   151 ||   282
  Use: Potion            |     1 |     3 ||     4
       Scroll            |     3 |     8 ||    11
